Map: Submarine LE

Players

ViBE - Winner!

  • Race: Zerg Zerg
  • League: Silver
  • Spawn Location: 11:00

Hayo

  • Race: Protoss Protoss
  • Spawn Location: 5:00

VOD

Have the link to the VOD?

Description

Time

  • Played on: March 11, 2021, 10:16 p.m.
  • Length: 15:07
Show
View Real Time Build Order
Export as new Build Order

ViBE Zerg - Winner!

Build Orders: Hatch First 

Get SALT Encoding   

  12  0:00  Drone  
  13  0:13  Overlord  
  13  0:18  Drone  
  14  0:34  Drone x2  
  16  0:53  Hatchery  
  16  0:56  Drone x2  
  17  1:01  Drone  
  18  1:15  Spawning Pool  
  18  1:17  Drone  
  18  1:22  Drone  
  19  1:29  Drone  
  20  1:32  Extractor  
  19  1:51  Overlord  
  19  2:07  Queen x2  
  23  2:14  Drone x4  
  27  2:53  Drone x6  
  33  3:01  Spine Crawler  
  32  3:09  Drone x2  
  32  3:10  Queen  
  32  3:12  Lair  
  36  3:17  Overlord x2  
  36  3:35  Overlord  
  36  3:40  Drone  
  36  3:41  Drone x4  
  41  3:48  Drone x2  
  41  3:53  Roach Warren  
  35  3:56  Evolution Chamber  
  33  4:04  Queen  
  33  4:06  Drone x5  
  33  4:07  Drone x3  
  41  4:28  Drone x4  
  44  4:40  Roach  
  44  4:41  Roach x7  
  59  4:52  Extractor x2  
  55  5:02  Queen, Hatchery  
  55  5:07  Overlord  
  56  5:21  Drone  
  56  5:22  Drone x3  
  60  5:41  Drone x3  
  63  5:43  Glial Reconstitution, Zerg Missile Weapons Level 1  
  63  5:49  Drone x5  
  68  6:07  Overlord x4  
  68  6:14  Queen  
  68  6:15  Drone x4  
  74  6:27  Drone x8  
  82  6:38  Drone  
  82  6:39  Drone x5  
  88  6:47  Hydralisk Den  
  87  6:48  Extractor  
  87  6:51  Drone, Extractor  
  87  6:52  Drone x5  
  91  6:58  Extractor  
  90  7:07  Evolution Chamber  
  89  7:22  Drone  
  90  7:25  Drone  
  91  7:31  Overlord x5  
  91  7:34  Hydralisk x7  
  105  7:38  Grooved Spines  
  105  7:42  Hatchery  
  104  7:46  Zerg Missile Weapons Level 2  
  104  7:48  Zerg Ground Armor Level 1  
  104  8:04  Hydralisk x7  
  104  8:05  Hydralisk  
  120  8:18  Drone x8  
  128  8:31  Hatchery  
  114  8:47  Hatchery  
  99  8:50  Muscular Augments  
  99  8:52  Hydralisk x10  
  107  9:02  Hydralisk x4  
  98  9:07  Hydralisk x5  
  110  9:15  Hydralisk x4  
  114  9:27  Queen  
  114  9:29  Hydralisk  
  114  9:30  Hydralisk x3  
  110  9:38  Hydralisk x4  
  110  9:39  Hydralisk x2  
  110  9:43  Hydralisk x2  
  118  9:51  Hydralisk x3  
  122  9:57  Drone x2  
  122  9:58  Drone x4  
  126  10:06  Drone x6  
  130  10:07  Drone  
  131  10:17  Drone x6  
  137  10:23  Extractor  
  137  10:24  Extractor  
  135  10:30  Queen  
  135  10:35  Hatchery  
  136  10:36  Drone x7  
  143  10:43  Overlord x5  
  143  10:51  Infestation Pit  
  143  10:52  Zerg Ground Armor Level 2  
  142  11:06  Hydralisk x9  
  142  11:08  Hydralisk  
  162  11:30  Hatchery  
  162  11:31  Drone  
  163  11:32  Drone  
  163  11:39  Overlord  
  161  11:40  Overlord x2  
  161  11:43  Hive  
  161  11:46  Overlord x2  
  161  12:00  Hydralisk x10  
  181  12:27  Hydralisk  
  181  12:28  Hydralisk x8  
  195  13:08  Lurker Den  
  108  13:45  Hydralisk x22  
  108  13:46  Hydralisk x10  
  172  13:55  Hatchery  
  155  14:17  Hydralisk x12  
  155  14:18  Hydralisk x5  
  189  14:36  Extractor  
  189  14:38  Extractor  
  185  14:54  Drone  
  185  14:55  Drone x2  
Show
View Real Time Build Order
Export as new Build Order

Hayo Protoss 

Build Orders:  

Get SALT Encoding   

  12  0:00  Probe  
  13  0:14  Pylon  
  13  0:18  Probe  
  14  0:33  Gateway  
  14  0:35  Probe  
  15  0:43  Assimilator  
  15  0:49  Probe  
  16  0:59  Pylon  
  16  1:01  Probe  
  17  1:15  Probe  
  18  1:22  Cybernetics Core  
  18  1:34  Zealot  
  18  1:36  Probe  
  21  1:50  Gateway  
  21  1:53  Warp Gate (Chrono Boost)  
  23  2:09  Gateway  
  23  2:10  Sentry  
  23  2:17  Probe  
  23  2:20  Assimilator  
  24  2:30  Pylon  
  24  2:32  Probe  
  25  2:54  Pylon  
  26  3:05  Probe  
  25  3:23  Probe  
  25  3:25  Stalker x2  
  25  3:26  Zealot  
  32  3:35  Probe  
  33  3:45  Nexus  
  27  3:59  Stalker  
  27  4:06  Zealot  
  27  4:07  Sentry  
  31  4:15  Pylon  
  31  4:18  Probe  
  32  4:35  Zealot x2  
  30  4:51  Stalker  
  32  4:54  Probe  
  32  5:08  Probe (Chrono Boost)  
  32  5:10  Probe (Chrono Boost)  
  31  5:19  Probe (Chrono Boost)  
  33  5:22  Probe (Chrono Boost)  
  33  5:25  Probe (Chrono Boost)  
  33  5:28  Robotics Facility  
  34  5:31  Gateway, Probe (Chrono Boost)  
  35  5:36  Forge  
  35  5:41  Probe (Chrono Boost)  
  36  5:46  Probe (Chrono Boost)  
  36  5:49  Stargate  
  37  5:50  Probe  
  37  5:55  Assimilator  
  38  5:58  Sentry  
  38  6:00  Sentry  
  38  6:02  Probe  
  43  6:11  Protoss Ground Weapons Level 1 (Chrono Boost)  
  43  6:14  Sentry  
  43  6:16  Observer (Chrono Boost)  
  46  6:20  Probe  
  46  6:22  Probe  
  48  6:27  Assimilator  
  48  6:31  Stalker  
  48  6:32  Stalker x2  
  53  6:33  Probe  
  53  6:34  Probe  
  56  6:40  Immortal (Chrono Boost)  
  60  6:51  Pylon  
  60  6:59  Pylon  
  60  7:19  Immortal (Chrono Boost)  
  63  7:25  Void Ray (Chrono Boost)  
  67  7:30  Zealot  
  67  7:31  Zealot  
  67  7:34  Probe  
  67  7:35  Pylon, Probe  
  73  7:46  Probe  
  73  7:47  Probe  
  75  7:55  Void Ray (Chrono Boost)  
  79  8:16  Immortal  
  83  8:22  Stalker  
  85  8:27  Pylon  
  85  8:29  Probe  
  85  8:30  Pylon  
  86  8:41  Probe  
  85  8:45  Nexus  
  85  8:47  Pylon  
  77  8:52  Zealot x3  
  77  8:53  Zealot  
  79  9:04  Probe  
  79  9:05  Probe  
  81  9:14  Void Ray  
  81  9:16  Probe  
  86  9:17  Probe  
  79  9:42  Stalker x4  
  79  9:45  Immortal  
  79  9:51  Void Ray  
  79  9:54  Protoss Ground Armor Level 1 (Chrono Boost)  
  77  10:05  Zealot x3  
  77  10:11  Robotics Bay  
  77  10:13  Probe (Chrono Boost)  
  78  10:24  Immortal  
  78  10:25  Probe (Chrono Boost)  
  84  10:30  Probe (Chrono Boost)  
  84  10:31  Probe (Chrono Boost)  
  85  10:38  Probe  
  85  10:39  Stalker x3  
  92  10:46  Probe  
  92  10:48  Assimilator  
  93  10:51  Pylon  
  93  10:58  Probe  
  94  11:07  Colossus (Chrono Boost)  
  94  11:20  Stalker  
  94  11:21  Stalker x2  
  96  11:35  Extended Thermal Lance  
  96  11:51  Robotics Facility  
  96  11:53  Colossus (Chrono Boost), Probe  
  97  11:55  Pylon  
  97  11:56  Zealot x2  
  97  11:57  Zealot x2  
  111  12:04  Void Ray  
  111  12:05  Probe  
  112  12:10  Protoss Shields Level 1  
  116  12:16  Pylon  
  116  12:22  Probe  
  117  12:24  Assimilator  
  117  12:32  Nexus, Colossus  
  117  12:34  Pylon, Stalker  
  117  12:35  Stalker x2  
  129  12:41  Void Ray  
  133  12:52  Zealot  
  135  12:59  Gateway  
  135  13:00  Gateway  
  135  13:02  Pylon  
  127  13:16  Zealot x2  
  127  13:17  Zealot x2  
  93  13:29  Colossus x2 (Chrono Boost)  
  89  13:39  Stalker  
  89  13:40  Stalker x3  
  90  13:55  Stalker  
  88  14:12  Zealot x3  
  88  14:13  Zealot x3  
  88  14:14  Twilight Council  
  88  14:16  Probe  
  101  14:17  Pylon  
  101  14:18  Colossus (Chrono Boost)  
  107  14:26  Nexus  
  107  14:28  Probe  
  108  14:35  Pylon  
  108  14:36  Zealot x3  
  108  14:37  Pylon, Zealot x2  
Tags
 
League
Silver
Matchup
PvZ
Player
ViBE
Spawn Locations
Cross Positions
Add a new tag
Caveats
  • Supply blocks, unpowered buildings, or Contaminate may cause inaccurate times.
  • Supply counts are checked every 10 seconds.